 Dungeon Crawl Stone Soup version 0.28-a0-655-g4eb62b627b (webtiles) character file.

Game seed: 13593102566659473100

25 bande the Shield-Bearer (level 3, -2/23 HPs)
             Began as a Gargoyle Fighter on Oct 12, 2021.
             Slain by a gnoll (9 damage)
             ... on level 2 of the Dungeon.
             The game lasted 00:02:04 (1600 turns).

bande the Shield-Bearer (Gargoyle Fighter)          Turns: 1600, Time: 00:02:04

Health: -2/23      AC: 11    Str: 20    XL:     3   Next: 4%
Magic:  3/3        EV:  9    Int:  8    God:
Gold:   69         SH:  6    Dex:  9    Spells: 2/2 levels left

rFire   . . .      SeeInvis .   a - +1 war axe
rCold   . . .      Faith    .   i - +2 buckler
rNeg    + . .      Spirit   .   b - +0 scale mail
rPois   ∞          Reflect  .   (no helmet)
rElec   +          Harm     .   (no cloak)
rCorr   .          Rampage  .   (no gloves)
Will    .....                   h - +0 pair of boots
Stlth   ..........              (no amulet)
HPRegen 0.07/turn               (no ring)
MPRegen 0.08/turn               (no ring)

@: no status effects
A: sickness immunity, AC +3, negative energy resistance 1, electricity
resistance, torment resistance 1, petrification resistance
a: no special abilities


You were on level 2 of the Dungeon.
You visited 1 branch of the dungeon, and saw 2 of its levels.

You collected 69 gold pieces.

Inventory:

Hand Weapons
 a - a +1 war axe (weapon)
Armour
 b - a +0 scale mail (worn)
 h - a +0 pair of boots (worn)
 i - a +2 buckler (worn)
Potions
 d - 2 potions of might
 g - 2 potions of berserk rage
 k - a potion of brilliance {unknown}


   Skills:
 + Level 3.4 Fighting
 + Level 2.4 Axes
 + Level 3.4 Armour
 + Level 3.7 Shields


You had 2 spell levels left.
You didn't know any spells.
Your spell library was empty.

Dungeon Overview and Level Annotations

Branches:
Dungeon (2/15)

Altars:


Innate Abilities, Weirdness & Mutations

You are immune to sickness and miasma.
Your stone body is resilient. (AC +3)
You are immune to poison.
You resist negative energy. (rN+)
You are resistant to electric shocks. (rElec)
You are resistant to unholy torment.
You are immune to petrification.


Message History

A gnoll comes into view. It is wielding a +0 halberd.
You see here 4 gold pieces.
The gnoll shouts!
The gnoll hits you with a +0 halberd. The gnoll hits you but does no damage.
You slash the gnoll!
The gnoll is severely wounded.
You hit the gnoll. The gnoll hits you with a +0 halberd.
The gnoll hits you with a +0 spear.
You are too injured to fight recklessly!
You are too injured to fight recklessly!
You are too injured to fight recklessly!
You are too injured to fight recklessly!
You are too injured to fight recklessly!
You are too injured to fight recklessly!
You are too injured to fight recklessly!
Unknown command.
The gnoll barely misses you. The gnoll hits you but does no damage.
You open the door.
There is an open door here.
You open the door. The gnoll barely misses you.
There is an open door here.
There is a stone staircase leading up here.
You climb upwards.
There is a stone staircase leading down here.
You start resting.
HP restored.
You climb downwards.
The gnoll hits you but does no damage.
There is a stone staircase leading up here.
The gnoll hits you but does no damage. The gnoll hits you with a +0 halberd!
You slash the gnoll!
The gnoll is heavily wounded.
You barely miss the gnoll. The gnoll barely misses you.
You block the gnoll's attack. The gnoll closely misses you.
You block the gnoll's attack. You block the gnoll's attack.
The gnoll hits you from afar with a +0 halberd!
There is a stone staircase leading up here.
The gnoll hits you but does no damage.
The gnoll hits you from afar with a +0 halberd!
You die...

########## #........#
### #.######.# ####.##
#.# #.#
##.#.#.###.######.#
######...###........##.#
.......@..#.###.###.##.#
##.##..g.#.## #.# #.##.#
#.....gg..# #.###.##.#
#.
####.#.#######........#
#.# #.#.# #........####
# #.######.#'##
#.#####..# #.
............## ###..#
#.###.######.....##.#
#....# #.....#
##g......#.# #...##


You could see 3 gnolls.

Vanquished Creatures
  A dart slug (D:1)
  3 ball pythons
  4 endoplasms
  A goblin (D:1)
  2 hobgoblins (D:2)
  3 kobolds
  A quokka (D:1)
  2 bats (D:1)
  A frilled lizard (D:2)
  4 rats
22 creatures vanquished.

Notes
Turn   | Place    | Note
-------+----------+-------------------------------------------
     0 | D:1      | bande the Gargoyle Fighter began the quest for the Orb.
     0 | D:1      | Reached XP level 1. HP: 14/14 MP: 1/1
   157 | D:1      | Reached XP level 2. HP: 15/19 MP: 2/2
   235 | D:1      | Found a faded altar of an unknown god.
  1301 | D:2      | Reached XP level 3. HP: 22/23 MP: 3/3
  1600 | D:2      | Slain by a gnoll

Illustrated notes

Levels and vault maps discovered:
D:1:      matt_arrival_los_fun, layout_loops_ring,
          hellmonk_ecumenical_altar_heavens_door
D:2:      layout_loops_corners, uniq_sigmund

Skill      XL: |  1 |
---------------+----+-----
Axes           | 2 |  2.4
Fighting       | |  3.4
Armour         | |  3.4
Shields        | |  3.7

Action                   || total
-------------------------++-------
Melee: War axe           ||    71
  Use: Scroll            ||     5
Armor: Scale mail        ||    35
Dodge: Dodged            ||    34
Block: Buckler           ||    25

Table legend: (Time is in decaauts)
 A = Elapsed time spent in this place.
 B = Non-inter-level travel time spent in this place.
 C = Inter-level travel time spent in this place.
 D = Time resting spent in this place.
 E = Time spent auto-exploring this place.
 F = Levels seen in this place.
 G = Mean time per level.
                   A        B        C        D        E       F      G
               +--------+--------+--------+--------+--------+-----+--------+
         Total |   1628 |   1628 |      0 |    136 |   1229 |   2 |  814.0 |
       Dungeon |   1628 |   1628 |      0 |    136 |   1229 |   2 |  814.0 |
               +--------+--------+--------+--------+--------+-----+--------+

Top non-repeatable levels by time:
     D:1: 1043 daAuts
     D:2: 585 daAuts
